AoeStats
← ivcrk826

Enclosed

506644558Analyzed
1v1 RM · 17d ago on Sep 14, 2026· 52m 44s· 2 players
Game mode
Random Map
Map size
Tiny (2 player)
Population
200
Speed
Normal
Resources
Standard
Victory
Conquest
Starting age
Dark Age
Ending age
Imperial Age
RankedLock teamsTeams togetherTeam positionsShared explorationLock speedFull tech treeHidden civsTurbo modeCheats
Victory
Defeat
🇦🇷 Chinese · Argentina
1146
+17
🇧🇪 Persians · Belgium
1170
-17
ivcrk826
0:26 Loom
10:23 Feudal Age
11:29 Double-Bit Axe
20:30 Castle Age
19:24 Bloodlines
20:30 Scale Barding Armor
20:34 Horse Collar
24:34 Town Watch
25:46 Ballistics
25:51 Husbandry
28:32 Wheelbarrow
32:42 Forging
38:41 Imperial Age
36:40 Fletching
36:39 Crossbowman
37:28 Thumb Ring
38:45 Bodkin Arrow
38:42 Arbalester
40:40 Chemistry
40:46 Cavalier
42:20 Bracer
43:05 Padded Archer Armor
43:54 Light Cavalry
45:14 Leather Archer Armor
47:16 Chain Barding Armor
48:32 Plate Barding Armor
48:25 Bow Saw
49:57 Iron Casting
50:38 Ring Archer Armor
51:39 Conscription
51:28 Light Cavalry
52:04 Elite Skirmisher
52:46 Gold Mining
gil.lejeune
7:55 Loom
9:58 Feudal Age
12:35 Forging
12:16 Double-Bit Axe
16:42 Wheelbarrow
19:34 Castle Age
18:14 Gold Mining
18:18 Fletching
18:19 Horse Collar
20:10 Husbandry
22:29 Bodkin Arrow
25:52 Town Watch
27:08 Ballistics
28:03 Padded Archer Armor
31:48 Heavy Plow
32:13 Hand Cart
35:08 Imperial Age
32:53 Stone Mining
34:03 Kamandaran
33:44 Crossbowman
34:58 Squires
34:43 Arson
34:19 Pikeman
35:37 Scale Mail Armor
38:05 Chemistry
37:34 Thumb Ring
38:27 Bow Saw
40:34 Conscription
45:25 Leather Archer Armor
48:58 Gold Shaft Mining
48:58 Stone Shaft Mining
49:07 Ring Archer Armor
49:48 Citadels
50:02 Scale Barding Armor
50:33 Iron Casting
51:01 Two-Man Saw
51:05 Light Cavalry
51:55 Bloodlines
Connection lost

Rejoining the realm…

Still unreachable

The connection could not be restored.

Session expired

The server has moved on; the page needs a fresh start.